SNL (28 & UNDER)
GAINESVILLE GUIDOS @ KEY WEST BARRACUDAS
04/25/2024
 
TOP OF THE 1ST
Gainesville Guidos batting - Pitching for Key West Barracudas : RHP Cade Baird
Pitching: RHP Cade Baird
Batting: RHB Noriyori Ine 0-0: Ball
1-0: Ball
2-0: Fly out, F3 (Popup, 3F)
Batting: RHB Iván Moreno 0-0: Ball
1-0: Swinging Strike
1-1: Foul Ball, location: 2F
1-2: Strikes out swinging
Batting: LHB David Murphy 0-0: Ball
1-0: DOUBLE (Line Drive, 9LM)
Batting: LHB Sergio Barrón 0-0: Ground out 5-3 (Groundball, 5)
Top of the 1st over - 0 run(s), 1 hit(s), 0 error(s), 1 left on base; Gainesville 0 - Key West 0
BOTTOM OF THE 1ST
Key West Barracudas batting - Pitching for Gainesville Guidos : RHP Matt McGinnity
Pitching: RHP Matt McGinnity
Batting: SHB Rodney Birling 0-0: Called Strike
0-1: Ball
1-1: Ball
2-1: Called Strike
2-2: Foul Ball, location: 2F
2-2: Foul Ball, location: 2F
2-2: Strikes out swinging
Batting: RHB Zander Tremblett 0-0: Ball
1-0: SOLO HOME RUN (Flyball, 78XD), Distance : 412 ft
Batting: LHB Víctor Acevedo 0-0: Ball
1-0: Ball
2-0: Fly out, F9 (Flyball, 89M)
Batting: RHB Ramiro Gámez 0-0: Called Strike
0-1: Ball
1-1: Called Strike
1-2: Ball
2-2: Foul Ball, location: 2F
2-2: SINGLE (Line Drive, 89M)
Batting: RHB Luther Stoffels 0-0: Ball
1-0: Fielders Choice at 2nd, 6-4 (Groundball, 6)
Bottom of the 1st over - 1 run(s), 2 hit(s), 0 error(s), 0 left on base; Gainesville 0 - Key West 1
TOP OF THE 2ND
Gainesville Guidos batting - Pitching for Key West Barracudas : RHP Cade Baird
Batting: LHB Pat Zimmerman 0-0: Ball
1-0: Swinging Strike
1-1: Foul Ball, location: 2F
1-2: Foul Ball, location: 2F
1-2: Foul Ball, location: 2F
1-2: Foul Ball, location: 2F
1-2: Ball
2-2: Ball
3-2: Base on Balls
Batting: RHB Miguel Serna Pickoff Throw to First - Error! E1
Pat Zimmerman to second
0-0: Ball
1-0: Foul Ball, location: 2F
1-1: Swinging Strike
1-2: Strikes out swinging
Batting: RHB Pedro Mata 0-0: Called Strike
0-1: Ground out 6-3 (Groundball, 56)
Batting: RHB Mitch Thomas 0-0: Called Strike
0-1: Ball
1-1: Ball
2-1: Ball
3-1: Called Strike
3-2: Base on Balls
Batting: RHB Jason Erickson 0-0: SINGLE (Groundball, 6MD)
Pat Zimmerman to third
Mitch Thomas to second
Runner from 3rd tries for Home, SAFE, no throw or cutoff
Batting: RHB Noriyori Ine 0-0: 3-RUN HOME RUN (Flyball, 7D), Distance : 401 ft
Batting: RHB Iván Moreno 0-0: Ball
1-0: Fly out, F9 (Flyball, 9S)
Top of the 2nd over - 4 run(s), 2 hit(s), 1 error(s), 0 left on base; Gainesville 4 - Key West 1
BOTTOM OF THE 2ND
Key West Barracudas batting - Pitching for Gainesville Guidos : RHP Matt McGinnity
Batting: RHB Kenny Cole 0-0: Ball
1-0: Foul Ball, location: 2F
1-1: SINGLE (Groundball, 56D)
Batting: LHB Daniel Byrd 0-0: Called Strike
0-1: Swinging Strike
0-2: Fly out, F8 (Flyball, 8RS)
Batting: RHB Victor Baker 0-0: Ball
1-0: Called Strike
1-1: Swinging Strike
1-2: Ball
2-2: Ball
3-2: Foul Ball, location: 2F
3-2: Strikes out swinging
Batting: RHB Dan Craft 0-0: Called Strike
Kenny Cole steals 2nd base
0-1: Foul Ball, location: 2F
0-2: Ball
1-2: Ball
2-2: Ball
3-2: Base on Balls
Batting: SHB Rodney Birling 0-0: Swinging Strike
0-1: Foul Ball, location: 2F
0-2: Strikes out swinging
Bottom of the 2nd over - 0 run(s), 1 hit(s), 0 error(s), 2 left on base; Gainesville 4 - Key West 1
TOP OF THE 3RD
Gainesville Guidos batting - Pitching for Key West Barracudas : RHP Cade Baird
Batting: LHB David Murphy 0-0: DOUBLE (Line Drive, 3L)
Batting: LHB Sergio Barrón 0-0: Called Strike
0-1: SINGLE (Groundball, 13) (infield hit)
David Murphy to third
Batting: LHB Pat Zimmerman 0-0: Ball
1-0: Fly out, F8 (Flyball, 8LXD)
Runner from 3rd tags up, SCORES, no throw
Batting: RHB Miguel Serna 0-0: Called Strike
0-1: Foul Ball, location: 2F
0-2: SINGLE (Groundball, 34)
Sergio Barrón to second
Runner from 2nd tries for 3rd, SAFE, throw made to third
Batting: RHB Pedro Mata 0-0: Called Strike
Throwing error on steal attempt, E2
Sergio Barrón scores
Miguel Serna to third
0-1: Swinging Strike
0-2: Ball
1-2: Ball
2-2: Fly out, F6 (Popup, 56)
Batting: RHB Mitch Thomas 0-0: SINGLE (Line Drive, 4MD)
Miguel Serna scores
Batting: RHB Jason Erickson 0-0: Foul Ball, location: 2F
0-1: Ball
Mitch Thomas steals 2nd base
1-1: Ball
2-1: Called Strike
2-2: Ground out 4-3 (Groundball, 13)
Top of the 3rd over - 3 run(s), 4 hit(s), 1 error(s), 1 left on base; Gainesville 7 - Key West 1
BOTTOM OF THE 3RD
Key West Barracudas batting - Pitching for Gainesville Guidos : RHP Matt McGinnity
Batting: RHB Zander Tremblett 0-0: Ball
1-0: Ball
2-0: Fly out, F8 (Flyball, 8LM)
Batting: LHB Víctor Acevedo 0-0: SINGLE (Groundball, 6MD)
Batting: RHB Ramiro Gámez 0-0: Ball
Víctor Acevedo steals 2nd base
1-0: Foul Ball, location: 2F
1-1: SINGLE (Line Drive, 78S)
Víctor Acevedo to third
Runner from 3rd tries for Home, throw and OUT!
Batting: RHB Luther Stoffels 0-0: Swinging Strike
0-1: Foul Ball, location: 2F
0-2: Strikes out swinging
Bottom of the 3rd over - 0 run(s), 2 hit(s), 0 error(s), 1 left on base; Gainesville 7 - Key West 1
TOP OF THE 4TH
Gainesville Guidos batting - Pitching for Key West Barracudas : RHP Cade Baird
Pitching: RHP Carlos Molina
Batting: RHB Noriyori Ine 0-0: Ball
1-0: Called Strike
1-1: Ground out 6-3 (Groundball, 6)
Batting: RHB Iván Moreno 0-0: Ball
1-0: Swinging Strike
1-1: Swinging Strike
1-2: Foul Ball, location: 2F
1-2: Foul Ball, location: 2F
1-2: Strikes out swinging
Batting: LHB David Murphy 0-0: Ball
1-0: Fly out, F7 (Flyball, 7LS)
Top of the 4th over - 0 run(s), 0 hit(s), 0 error(s), 0 left on base; Gainesville 7 - Key West 1
BOTTOM OF THE 4TH
Key West Barracudas batting - Pitching for Gainesville Guidos : RHP Matt McGinnity
Batting: RHB Kenny Cole 0-0: Called Strike
0-1: Swinging Strike
0-2: Foul Ball, location: 2F
0-2: Ball
1-2: Foul Ball, location: 2F
1-2: Strikes out swinging
Batting: LHB Daniel Byrd 0-0: Ball
1-0: Ball
2-0: Foul Ball, location: 2F
2-1: Foul Ball, location: 2F
2-2: Ball
3-2: Strikes out swinging
Batting: RHB Victor Baker 0-0: Called Strike
0-1: Foul Ball, location: 2F
0-2: Strikes out swinging
Bottom of the 4th over - 0 run(s), 0 hit(s), 0 error(s), 0 left on base; Gainesville 7 - Key West 1
TOP OF THE 5TH
Gainesville Guidos batting - Pitching for Key West Barracudas : RHP Carlos Molina
Batting: LHB Sergio Barrón 0-0: Fly out, F7 (Flyball, 78D)
Batting: LHB Pat Zimmerman 0-0: Foul Ball, location: 2F
0-1: Ball
1-1: Ball
2-1: Ground out 4-3 (Groundball, 34)
Batting: RHB Miguel Serna 0-0: Called Strike
0-1: Ball
1-1: DOUBLE (Line Drive, 9LM)
Batting: RHB Pedro Mata 0-0: Foul Ball, location: 2F
0-1: Swinging Strike
0-2: Ball
1-2: Strikes out swinging
Top of the 5th over - 0 run(s), 1 hit(s), 0 error(s), 1 left on base; Gainesville 7 - Key West 1
BOTTOM OF THE 5TH
Key West Barracudas batting - Pitching for Gainesville Guidos : RHP Matt McGinnity
Batting: RHB Dan Craft 0-0: Fly out, F8 (Flyball, 8RXD)
Batting: SHB Rodney Birling 0-0: Ball
1-0: Ball
2-0: Called Strike
2-1: Foul Ball, location: 2F
2-2: Ball
3-2: Strikes out looking
Batting: RHB Zander Tremblett 0-0: Called Strike
0-1: Swinging Strike
0-2: Foul Ball, location: 2F
0-2: Ball
1-2: SOLO HOME RUN (Flyball, 7D), Distance : 408 ft
Batting: LHB Víctor Acevedo 0-0: Called Strike
0-1: Ball
1-1: Called Strike
1-2: Ball
2-2: Fly out, F8 (Flyball, 8RD)
Bottom of the 5th over - 1 run(s), 1 hit(s), 0 error(s), 0 left on base; Gainesville 7 - Key West 2
TOP OF THE 6TH
Gainesville Guidos batting - Pitching for Key West Barracudas : RHP Carlos Molina
Batting: RHB Mitch Thomas 0-0: Ball
1-0: Called Strike
1-1: Called Strike
1-2: Foul Ball, location: 2F
1-2: Ground out 5-3 (Groundball, 56)
Batting: RHB Jason Erickson 0-0: SINGLE (Line Drive, 56)
Batting: RHB Noriyori Ine 0-0: SINGLE (Groundball, 15S) (infield hit)
Jason Erickson to second
Batting: RHB Iván Moreno 0-0: Grounds into double play, 6-4-3 (Groundball, 56)
Top of the 6th over - 0 run(s), 2 hit(s), 0 error(s), 1 left on base; Gainesville 7 - Key West 2
BOTTOM OF THE 6TH
Key West Barracudas batting - Pitching for Gainesville Guidos : RHP Matt McGinnity
Batting: RHB Ramiro Gámez 0-0: Fly out, F4 (Line Drive, 4)
Batting: RHB Luther Stoffels 0-0: Called Strike
0-1: Ball
1-1: Ball
2-1: Ball
3-1: Foul Ball, location: 2F
3-2: Ground out 5-3 (Groundball, 56)
Batting: RHB Kenny Cole 0-0: Called Strike
0-1: Ball
1-1: Ground out 5-3 (Groundball, 5S)
Bottom of the 6th over - 0 run(s), 0 hit(s), 0 error(s), 0 left on base; Gainesville 7 - Key West 2
TOP OF THE 7TH
Gainesville Guidos batting - Pitching for Key West Barracudas : RHP Carlos Molina
Pitching: RHP José García
Batting: LHB David Murphy 0-0: Called Strike
0-1: SINGLE (Groundball, 34)
Batting: LHB Sergio Barrón 0-0: Called Strike
0-1: DOUBLE (Groundball, 5L)
David Murphy to third
Batting: LHB Pat Zimmerman 0-0: Ball
1-0: Ball
2-0: Called Strike
2-1: Called Strike
2-2: Strikes out swinging
Batting: RHB Miguel Serna 0-0: Ball
1-0: Called Strike
1-1: Swinging Strike
1-2: Strikes out looking
Batting: RHB Pedro Mata 0-0: Swinging Strike
0-1: Foul Ball, location: 2F
0-2: Strikes out swinging
Top of the 7th over - 0 run(s), 2 hit(s), 0 error(s), 2 left on base; Gainesville 7 - Key West 2
BOTTOM OF THE 7TH
Key West Barracudas batting - Pitching for Gainesville Guidos : RHP Matt McGinnity
Batting: LHB Daniel Byrd 0-0: Foul Ball, location: 2F
0-1: Ball
1-1: Foul Ball, location: 2F
1-2: Foul Ball, location: 2F
1-2: Strikes out swinging
Pitching: LHP Mike Scott
Batting: RHB Victor Baker 0-0: Called Strike
0-1: Ball
1-1: Called Strike
1-2: Ball
2-2: Foul Ball, location: 2F
2-2: Ground out 6-3 (Groundball, 6)
Batting: RHB Dan Craft 0-0: DOUBLE (Groundball, 5L)
Batting: SHB Rodney Birling 0-0: Ball
1-0: Called Strike
1-1: DOUBLE (Line Drive, 7LM)
Dan Craft scores
Batting: RHB Zander Tremblett 0-0: Ball
1-0: Ball
2-0: Ball
3-0: Base on Balls
Batting: LHB Víctor Acevedo 0-0: Ball
1-0: Called Strike
1-1: Fly out, F8 (Line Drive, 8RM)
Bottom of the 7th over - 1 run(s), 2 hit(s), 0 error(s), 2 left on base; Gainesville 7 - Key West 3
TOP OF THE 8TH
Gainesville Guidos batting - Pitching for Key West Barracudas : RHP José García
Batting: RHB Mitch Thomas 0-0: Ball
1-0: Ball
2-0: DOUBLE (Line Drive, 5)
Batting: RHB Jason Erickson 0-0: Ball
1-0: Swinging Strike
1-1: Ball
2-1: Swinging Strike
2-2: Strikes out looking
Batting: RHB Noriyori Ine 0-0: Intentional Walk
Batting: RHB Iván Moreno 0-0: Hit by Pitch
Mitch Thomas to third
Noriyori Ine to second
Batting: LHB David Murphy 0-0: Called Strike
0-1: Foul Ball, location: 2F
0-2: Fly out, F7 (Line Drive, 78M)
Runner from 3rd tags up, SCORES, no throw
Batting: LHB Sergio Barrón 0-0: Swinging Strike
0-1: Ball
1-1: Called Strike
Noriyori Ine steals 3rd base
Iván Moreno to second
1-2: Reached on error, E5 (Groundball, 5S)
Noriyori Ine scores
Iván Moreno scores
Batting: LHB Pat Zimmerman 0-0: Foul Ball, location: 2F
0-1: Ground out 4-3 (Groundball, 4)
Top of the 8th over - 3 run(s), 1 hit(s), 1 error(s), 1 left on base; Gainesville 10 - Key West 3
BOTTOM OF THE 8TH
Key West Barracudas batting - Pitching for Gainesville Guidos : LHP Mike Scott
Now in RF: William Moore
Batting: RHB Ramiro Gámez 0-0: Ball
1-0: Ball
2-0: Ball
3-0: Base on Balls
Batting: RHB Luther Stoffels 0-0: Foul Ball, location: 2F
0-1: Foul Ball, location: 2F
0-2: Fly out, F4 (Popup, 4MD)
Batting: RHB Kenny Cole 0-0: Fly out, F9 (Flyball, 9M)
Batting: LHB Daniel Byrd 0-0: Ball
1-0: Fly out, F4 (Popup, 4)
Bottom of the 8th over - 0 run(s), 0 hit(s), 0 error(s), 1 left on base; Gainesville 10 - Key West 3
TOP OF THE 9TH
Gainesville Guidos batting - Pitching for Key West Barracudas : RHP José García
Pitching: LHP Rubén Rojas
Batting: RHB Miguel Serna 0-0: Called Strike
0-1: Ground out 4-3 (Groundball, 34)
Batting: RHB Pedro Mata 0-0: Called Strike
0-1: Called Strike
0-2: Ball
1-2: Foul Ball, location: 2F
1-2: Fly out, F7 (Flyball, 7LS)
Batting: RHB Mitch Thomas 0-0: Ball
1-0: Called Strike
1-1: Ball
2-1: Ball
3-1: Fly out, F5 (Line Drive, 56S)
Top of the 9th over - 0 run(s), 0 hit(s), 0 error(s), 0 left on base; Gainesville 10 - Key West 3
BOTTOM OF THE 9TH
Key West Barracudas batting - Pitching for Gainesville Guidos : LHP Mike Scott
Now at 2B: José Ortega
Batting: RHB Victor Baker 0-0: Ball
1-0: SINGLE (Flyball, 7LS)
Batting: RHB Dan Craft 0-0: Foul Ball, location: 2F
0-1: Ball
1-1: Swinging Strike
1-2: Ball
2-2: Foul Ball, location: 2F
2-2: Ball
3-2: Foul Ball, location: 2F
3-2: Foul Ball, location: 2F
3-2: DOUBLE (Line Drive, 78M)
Victor Baker to third
Batting: SHB Rodney Birling 0-0: Fly out, F8 (Flyball, 8LD)
Runner from 3rd tags up, SCORES, no throw
Pitching: RHP Juan Mora
Batting: RHB Zander Tremblett 0-0: Ball
1-0: Ball
2-0: Ball
3-0: Base on Balls
Batting: LHB Víctor Acevedo 0-0: Ball
1-0: Foul Ball, location: 2F
1-1: Foul Ball, location: 2F
1-2: Ball
2-2: Strikes out looking
Batting: RHB Ramiro Gámez 0-0: Called Strike
0-1: SINGLE (Groundball, 56D)
Dan Craft to third
Zander Tremblett to second
Runner from 3rd tries for Home, SAFE, no throw or cutoff
Batting: RHB Luther Stoffels 0-0: Ball
1-0: Swinging Strike
1-1: Ball
2-1: Ball
3-1: Called Strike
3-2: SINGLE (Line Drive, 89S)
Zander Tremblett to third
Ramiro Gámez to second
Zander Tremblett scores
Ramiro Gámez to third
Pitching: RHP Juan Patino
Batting: RHB Kenny Cole 0-0: Ball
1-0: Ball
2-0: Called Strike
2-1: Foul Ball, location: 2F
2-2: Foul Ball, location: 2F
2-2: Ball
3-2: Fly out, F9 (Flyball, 89XD)
Bottom of the 9th over - 3 run(s), 4 hit(s), 0 error(s), 2 left on base; Gainesville 10 - Key West 6
This league is powered by Out of the Park Baseball, the baseball management simulation game for PC, Mac and Linux
Saturday, April 9th, 2016 - OOTP Baseball 16.8 Build 38